 Dungeon Crawl Stone Soup version 0.19.1-1-g22dce08 (webtiles) character file.

1822 Gukra the Vexing (level 9, -1/39 HPs)
             Began as a Vine Stalker Enchanter on Jan 15, 2017.
             Slain by a wyvern (11 damage)
             ... on level 6 of the Dungeon.
             The game lasted 00:33:51 (5728 turns).

Gukra the Vexing (Vine Stalker Enchanter)           Turns: 5728, Time: 00:33:51

Health: -1/39      AC:  5    Str: 10    XL:     9   Next: 10%
Magic:  0/13       EV:  8    Int: 18    God:
Gold:   339        SH:  0    Dex: 16    Spells: 5 memorised, 0 levels left

rFire  + . .     SeeInvis +     l - +2 dagger (venom)
rCold  . . .     Gourm    .     E - +2 robe {rF+}
rNeg   . . .     Faith    .     (no shield)
rPois  .         Spirit   +     (no helmet)
rElec  .         Reflect  .     (no cloak)
rCorr  .         Harm     .     (no gloves)
MR     +....                    F - +0 pair of boots
Stlth  +++.......               (no amulet)
                                w - ring of see invisible
                                D - -4 ring of evasion (curse)

@: no status effects
A: fangs 3, regeneration 1, magic shield, antimagic bite, no device heal 3, rot
immunity
a: no special abilities


You were on level 6 of the Dungeon.
You were not hungry.

You visited 2 branches of the dungeon, and saw 7 of its levels.

You collected 339 gold pieces.

Inventory:

Hand Weapons
 a - a +0 dagger of freezing
 l - a +2 dagger of venom (weapon)
 x - a +1 dagger
Missiles
 k - 16 poisoned needles
Armour
 n - a +2 scale mail of cold resistance
 E - a +2 robe of fire resistance (worn)
 F - a +0 pair of boots (worn)
Jewellery
 o - an uncursed ring of protection from magic
 w - a ring of see invisible (right hand)
 y - an uncursed ring of resist corrosion
 A - an uncursed ring of flight
 D - a cursed -4 ring of evasion (left hand)
Wands
 g - a wand of slowing (19/48)
 u - a wand of random effects (14/48)
Scrolls
 b - 5 scrolls of identify
 G - a scroll of remove curse
 J - a scroll of amnesia {unknown}
Potions
 e - a potion of resistance {unknown}
 i - a potion of lignification {unknown}
 p - 6 potions of curing
 q - 2 potions of brilliance {unknown}
 s - a potion of cancellation {unknown}
 t - 3 potions of might {unknown}
 v - 2 potions of mutation {unknown}
 z - a potion of degeneration {unknown}
 B - 3 potions of flight {unknown}
 C - a potion of agility {unknown}
 H - a potion of experience {unknown}
Comestibles
 d - 7 bread rations
 f - a slice of pizza
 h - 5 fruits
 j - 5 meat rations
 m - 3 beef jerkies
 r - a royal jelly


   Skills:
 - Level 5.3 Short Blades
 - Level 1.6 Dodging
 * Level 5.6 Stealth
 - Level 2.3 Spellcasting
 + Level 5.2 Conjurations
 + Level 7.2 Hexes
 + Level 3.5 Ice Magic


You couldn't memorise any spells.
You knew the following spells:

 Your Spells              Type           Power        Failure   Level  Hunger
a - Corona                Hex            ####...      1%          1    #......
b - Ensorcelled Hibernat  Hex/Ice        ###...       3%          2    ##.....
c - Tukima's Dance        Hex            ####....     2%          3    ###....
d - Dazzling Spray        Conj/Hex       ###...       4%          3    ###....
e - Confuse               Hex            ####....     2%          3    ###....


Dungeon Overview and Level Annotations

Branches:
Dungeon (6/15)             Temple (1/1) D:5

Altars:
Ashenzari
Cheibriados
Dithmenos
Elyvilon
Fedhas
Gozag
Kikubaaqudgha
Makhleb
Nemelex Xobeh
Okawaru
Qazlal
Ru
Trog
Uskayaw
Vehumet
Xom
Yredelemnul
Zin
The Shining One


Innate Abilities, Weirdness & Mutations

You have razor-sharp teeth.
Your natural rate of healing is unusually fast.
When hurt, damage is shared between your health and your magic reserves.
Your bite disrupts and absorbs the magic of your enemies.
Potions and wands cannot restore your health.
You are immune to rotting.


Message History

The wyvern hisses angrily.
You hit the wyvern.
The wyvern is poisoned.
You bite the wyvern! You drain its power.
The wyvern is heavily wounded.
The wyvern bites you.
You hit the wyvern.
The wyvern looks as sick as possible!
Your bite misses the wyvern.
The wyvern is heavily wounded.
The wyvern bites you!
You hit the wyvern.
The wyvern looks as sick as possible!
You bite the wyvern. You drain its power.
You feel invigorated.
The wyvern is severely wounded.
The wyvern bites you. The wyvern bites you!
* * * LOW HITPOINT WARNING * * *
You hit the wyvern.
The wyvern looks as sick as possible!
Your bite misses the wyvern.
The wyvern is almost dead.
The wyvern bites you!
You die...

.....# #.....#.#.........# .....#
#.....#.#.........# .....#
#.....#'#.........########
#'######.#####.#####.............
.......###.........###...........
......###..#######..###..........
......#_. #_._###.._#..........
......###..##..l##..###..........
........##......@..## ###########
.........####...####
...........###_## ...........# ##
...........# ...........##
..>.........# ............#
............#


You could see a wyvern.

Vanquished Creatures
  Sigmund (D:2)
  Duvessa (D:4)
  3 ogres
  A centaur (D:6)
  A bullfrog (D:6)
  Dowan (D:4)
  A scorpion (D:6)
  2 crimson imps
  4 orc priests
  2 hounds (D:6)
  10 orc wizards
  A bullfrog skeleton (D:4)
  Ijyb (D:3)
  Terence (D:3)
  3 worker ants (D:4)
  Natasha (twice) (D:3)
  A killer bee zombie (D:6)
  A hound zombie (D:3)
  A hound skeleton (D:5)
  9 adders
  4 gnolls (D:5)
  A shadow imp (D:6)
  2 oozes
  3 worms
  4 dart slugs
  10 leopard geckos
  20 orcs
  4 ball pythons
  8 bats
  5 giant cockroaches
  5 goblins
  7 hobgoblins
  4 jackals (D:3)
  5 quokkas
  6 frilled lizards
  12 kobolds
  2 leopard gecko skeletons (D:6)
  23 rats
172 creatures vanquished.

Vanquished Creatures (collateral kills)
  A rat (D:3)
1 creature vanquished.

Grand Total: 173 creatures vanquished

Notes
Turn   | Place    | Note
-------+----------+-------------------------------------------
     0 | D:1      | Gukra the Vine Stalker Enchanter began the quest for the Orb.
     0 | D:1      | Reached XP level 1. HP: 9/9 MP: 4/4
    66 | D:1      | Reached skill level 1 in Short Blades
   271 | D:1      | Reached XP level 2. HP: 5/13 MP: 4/6
   283 | D:1      | Learned a level 2 spell: Ensorcelled Hibernation
   910 | D:2      | Noticed Sigmund
   917 | D:1      | Reached XP level 3. HP: 8/16 MP: 1/7
  1295 | D:2      | Killed Sigmund
  1295 | D:2      | Gained mutation: Your natural rate of healing is unusually fast. [Vine Stalker growth]
  1295 | D:2      | Reached XP level 4. HP: 9/21 MP: 1/8
  1295 | D:2      | Reached XP level 5. HP: 10/24 MP: 1/9
  1502 | D:2      | Reached XP level 6. HP: 28/28 MP: 10/10
  1561 | D:2      | Found a basalt altar of Yredelemnul.
  1570 | D:2      | Noticed Terence
  1766 | D:2      | Learned a level 3 spell: Tukima's Dance
  1770 | D:2      | Learned a level 3 spell: Dazzling Spray
  1806 | D:2      | Found a snail-covered altar of Cheibriados.
  2374 | D:3      | Found an opulent altar of Gozag.
  2422 | D:3      | Reached skill level 5 in Short Blades
  2455 | D:3      | Reached skill level 5 in Stealth
  2497 | D:3      | Killed Terence
  2623 | D:3      | Reached skill level 1 in Ice Magic
  2729 | D:3      | Reached skill level 1 in Conjurations
  2729 | D:3      | Reached XP level 7. HP: 18/32 MP: 0/11
  2797 | D:3      | Noticed Natasha
  2800 | D:3      | Killed Natasha
  2944 | D:3      | Found a stormy altar of Qazlal.
  2946 | D:3      | Noticed an air elemental
  2947 | D:3      | Noticed a water elemental
  2947 | D:3      | Noticed a fire elemental
  2958 | D:3      | Noticed Ijyb
  2961 | D:3      | Killed Ijyb
  3090 | D:3      | Noticed Natasha
  3096 | D:3      | Killed Natasha
  3347 | D:4      | Reached skill level 4 in Hexes
  3425 | D:4      | Found a sacrificial altar of Ru.
  3574 | D:4      | Gained mutation: You have razor-sharp teeth. [Vine Stalker growth]
  3574 | D:4      | Reached XP level 8. HP: 36/36 MP: 12/12
  3601 | D:4      | Noticed Duvessa
  3601 | D:4      | Noticed Dowan
  3606 | D:4      | Killed Duvessa
  3606 | D:4      | Reached skill level 5 in Hexes
  3610 | D:4      | Killed Dowan
  4156 | D:5      | Entered Level 5 of the Dungeon
  4156 | D:5      | Found a staircase to the Ecumenical Temple.
  4167 | Temple   | Entered the Ecumenical Temple
  4943 | D:5      | Found a shimmering altar of Xom.
  4944 | D:5      | Found a burning altar of Makhleb.
  4946 | D:5      | Reached skill level 6 in Hexes
  5331 | D:6      | Reached skill level 5 in Conjurations
  5546 | D:6      | Reached XP level 9. HP: 39/39 MP: 13/13
  5551 | D:6      | Learned a level 3 spell: Confuse
  5640 | D:6      | Reached skill level 7 in Hexes
  5713 | D:6      | Found a shattered altar of Ashenzari.
  5713 | D:6      | Found a faded altar of an unknown god.
  5718 | D:6      | Found a faded altar of an unknown god.
  5720 | D:6      | Found a radiant altar of Vehumet.
  5721 | D:6      | Found a glowing silver altar of Zin.
  5728 | D:6      | Slain by a wyvern

Skill      XL: |  1  2  3  4  5  6  7  8  9 |
---------------+----------------------------+-----
Short Blades   | 1 4 5 |  5.3
Stealth        | 4 5 |  5.6
Ice Magic      | 1 2 3 |  3.5
Conjurations   | 1 3 5 |  5.2
Hexes          | 4 6 7 |  7.2
Dodging        | |  1.6
Spellcasting   | |  2.3

Action                   |  1- 3 |  4- 6 |  7- 9 || total
-------------------------+-------+-------+-------++-------
Melee: Dagger            |    79 |   129 |   268 ||   476
       Bite              |    11 |    22 |    53 ||    86
 Cast: Corona            |    29 |     8 |    22 ||    59
       Ensorcelled Hiber |     2 |     7 |     8 ||    17
       Dazzling Spray    |       |     2 |     5 ||     7
       Tukima's Dance    |       |     2 |     2 ||     4
  Use: Scroll            |     2 |     4 |     2 ||     8
 Stab: Sleeping          |     7 |    13 |    26 ||    46
       Distracted        |     1 |       |     1 ||     2
       Paralysed         |       |       |     1 ||     1
  Eat: Chunk             |     2 |     5 |    12 ||    19
Armor: Robe              |    22 |    21 |    66 ||   109
Dodge: Dodged            |    62 |    45 |    83 ||   190
